| TOP OF THE 1ST |
|
Memphis Redbirds batting - Pitching for Las Vegas 51s : RHP Austin Kuhn
|
|
Pitching: RHP Austin Kuhn
|
|
|
Batting: SHB Luke Robbins
|
0-0: Ball 1-0: Ball 2-0: Ball 3-0: Ground out U3 (Groundball, 3, EV 91.9 MPH)
|
|
Batting: RHB Danny Gallo
|
0-0: Ball 1-0: Foul Ball, location: 2F 1-1: Foul Ball, location: 2F 1-2: Ball 2-2: Ball 3-2: Base on Balls
|
|
Batting: LHB Frank Hill
|
0-0: Called Strike 0-1: Foul Ball, location: 2F 0-2: Ball 1-2: Strikes out looking
|
|
Batting: RHB Klaas Meij
|
0-0: Fly out, F7 (Flyball, 7S, EV 71.9 MPH)
|
| Top of the 1st over - 0 runs, 0 hits, 0 errors, 1 left on base; Memphis 0 - Las Vegas 0 |
| BOTTOM OF THE 1ST |
|
Las Vegas 51s batting - Pitching for Memphis Redbirds : RHP Josh Sandoval
|
|
Pitching: RHP Josh Sandoval
|
|
|
Batting: LHB Jose Chavez
|
0-0: Ball 1-0: Ball 2-0: Ball 3-0: Base on Balls
|
|
Batting: SHB Jason Evans
|
0-0: Ball 1-0: Foul Ball, location: 2F 1-1: SINGLE (Groundball, 56, EV 103.1 MPH) (infield hit) Jose Chavez to second
|
|
Batting: RHB Billy Walker
|
0-0: Ball 1-0: Ball 2-0: Called Strike 2-1: Ball 3-1: Foul Ball, location: 2F 3-2: Base on Balls Jose Chavez to third Jason Evans to second
|
|
Batting: RHB Masaya Nakamura
|
0-0: Ball 1-0: Called Strike 1-1: Ball 2-1: Ball 3-1: Foul Ball, location: 2F 3-2: Foul Ball, location: 2F 3-2: Grounds into double play, 5-4-3 (Groundball, 15, EV 85.6 MPH) Jose Chavez scores Jason Evans to third
|
|
Batting: RHB Mike Phillips
|
0-0: Ball 1-0: Ball 2-0: Called Strike 2-1: Called Strike 2-2: Foul Ball, location: 2F 2-2: Foul Ball, location: 2F 2-2: Ball 3-2: Ground out 6-3 (Groundball, 4MS, EV 65.6 MPH)
|
| Bottom of the 1st over - 1 run, 1 hit, 0 errors, 1 left on base; Memphis 0 - Las Vegas 1 |
| TOP OF THE 2ND |
|
Memphis Redbirds batting - Pitching for Las Vegas 51s : RHP Austin Kuhn
|
|
Batting: LHB Ronnie Ashley
|
0-0: Ball 1-0: Foul Ball, location: 2F 1-1: Ground out 4-3 (Groundball, 4, EV 78.1 MPH)
|
|
Batting: LHB David Moore
|
0-0: Called Strike 0-1: Called Strike 0-2: Foul Ball, location: 2F 0-2: Ball 1-2: Ball 2-2: Foul Ball, location: 2F 2-2: Ground out 6-3 (Groundball, 6, EV 86.9 MPH)
|
|
Batting: SHB Dan Hill
|
0-0: Foul Ball, location: 2F 0-1: Called Strike 0-2: Ball 1-2: Foul Ball, location: 2F 1-2: Ball 2-2: Ball 3-2: Base on Balls
|
|
Batting: RHB John Parra
|
0-0: Ball 1-0: Ball 2-0: Ball 3-0: Called Strike 3-1: Foul Ball, location: 2F 3-2: Base on Balls Dan Hill to second
|
|
Batting: RHB Jason Gee
|
0-0: Ball 1-0: Ball 2-0: Ball 3-0: Base on Balls Dan Hill to third John Parra to second
|
|
Batting: SHB Luke Robbins
|
0-0: Ball 1-0: Called Strike 1-1: Foul Ball, location: 2F 1-2: Strikes out swinging
|
| Top of the 2nd over - 0 runs, 0 hits, 0 errors, 3 left on base; Memphis 0 - Las Vegas 1 |
| BOTTOM OF THE 2ND |
|
Las Vegas 51s batting - Pitching for Memphis Redbirds : RHP Josh Sandoval
|
|
Batting: RHB Bobby Mabrey
|
0-0: Ball 1-0: Foul Ball, location: 2F 1-1: Swinging Strike 1-2: Strikes out swinging
|
|
Batting: RHB Larry Shoop
|
0-0: Ball 1-0: Swinging Strike 1-1: Foul Ball, location: 2F 1-2: Foul Ball, location: 2F 1-2: Strikes out swinging
|
|
Batting: RHB David Stayton
|
0-0: Fly out, F9 (Line Drive, 9D, EV 90.6 MPH)
|
| Bottom of the 2nd over - 0 runs, 0 hits, 0 errors, 0 left on base; Memphis 0 - Las Vegas 1 |
| TOP OF THE 3RD |
|
Memphis Redbirds batting - Pitching for Las Vegas 51s : RHP Austin Kuhn
|
|
Batting: RHB Danny Gallo
|
0-0: Called Strike 0-1: Called Strike 0-2: Strikes out looking
|
|
Batting: LHB Frank Hill
|
0-0: SINGLE (Groundball, 6MD, EV 99.4 MPH)
|
|
Batting: RHB Klaas Meij
|
0-0: Ball Frank Hill steals 2nd base 1-0: Ball 2-0: Ball 3-0: Base on Balls
|
|
Batting: LHB Ronnie Ashley
|
0-0: Called Strike 0-1: Ball 1-1: Ball 2-1: Swinging Strike 2-2: Strikes out swinging
|
|
Batting: LHB David Moore
|
0-0: Called Strike 0-1: Swinging Strike 0-2: Ball 1-2: SINGLE (Groundball, 3D, EV 111.9 MPH) Frank Hill to third Klaas Meij to second Runner from 3rd tries for Home, SAFE, throw by RF to home
|
|
Batting: SHB Dan Hill
|
0-0: Ball 1-0: Called Strike 1-1: Ball 2-1: Called Strike 2-2: Foul Ball, location: 2F 2-2: Fly out, F8 (Flyball, 78D, EV 101.9 MPH)
|
| Top of the 3rd over - 1 run, 2 hits, 0 errors, 2 left on base; Memphis 1 - Las Vegas 1 |
| BOTTOM OF THE 3RD |
|
Las Vegas 51s batting - Pitching for Memphis Redbirds : RHP Josh Sandoval
|
|
Batting: LHB Elmo Dreier
|
0-0: Ball 1-0: Ball 2-0: Called Strike 2-1: Bunt missed! 2-2: Foul Ball, location: 2F 2-2: Foul Ball, location: 2F 2-2: Ball 3-2: Ground out U3 (Groundball, 34, EV 85.0 MPH)
|
|
Batting: LHB Jose Chavez
|
0-0: Ball 1-0: Foul Ball, location: 2F 1-1: Foul Ball, location: 2F 1-2: Strikes out looking
|
|
Batting: SHB Jason Evans
|
0-0: Ball 1-0: Foul Ball, location: 2F 1-1: Ball 2-1: Called Strike 2-2: Fly out, F8 (Line Drive, 8LM, EV 85.6 MPH)
|
| Bottom of the 3rd over - 0 runs, 0 hits, 0 errors, 0 left on base; Memphis 1 - Las Vegas 1 |
| TOP OF THE 4TH |
|
Memphis Redbirds batting - Pitching for Las Vegas 51s : RHP Austin Kuhn
|
|
Batting: RHB John Parra
|
0-0: Foul Ball, location: 2F 0-1: Ball 1-1: SINGLE (Line Drive, 9S, EV 96.9 MPH)
|
|
Batting: RHB Jason Gee
|
0-0: Foul Ball, location: 2F 0-1: Ball 1-1: SINGLE (Groundball, 56D, EV 93.8 MPH) John Parra to second
|
|
Batting: SHB Luke Robbins
|
0-0: Called Strike 0-1: Called Strike 0-2: SINGLE (Groundball, 4D, EV 94.4 MPH) John Parra to third Jason Gee to second
|
|
Batting: RHB Danny Gallo
|
0-0: Called Strike 0-1: Ball 1-1: Ball 2-1: Grounds into double play, 6-4-3 (Groundball, 6, EV 81.9 MPH) John Parra scores Jason Gee to third
|
|
Pitching: LHP Zachary DeVault
|
|
|
Batting: LHB Frank Hill
|
0-0: Ball 1-0: Ball 2-0: Called Strike 2-1: Ball 3-1: Foul Ball, location: 2F 3-2: Base on Balls
|
|
Batting: RHB Klaas Meij
|
0-0: Swinging Strike 0-1: Called Strike 0-2: Strikes out swinging
|
| Top of the 4th over - 1 run, 3 hits, 0 errors, 2 left on base; Memphis 2 - Las Vegas 1 |
| BOTTOM OF THE 4TH |
|
Las Vegas 51s batting - Pitching for Memphis Redbirds : RHP Josh Sandoval
|
|
Batting: RHB Billy Walker
|
0-0: SINGLE (Line Drive, 5D, EV 96.2 MPH)
|
|
Batting: RHB Masaya Nakamura
|
0-0: Called Strike 0-1: Ball 1-1: Called Strike Billy Walker steals 2nd base (no throw) 1-2: Ground out 5-3 (Groundball, 56, EV 85.6 MPH)
|
|
Batting: RHB Mike Phillips
|
0-0: Called Strike 0-1: Swinging Strike 0-2: Ball 1-2: Foul Ball, location: 2F 1-2: Ball 2-2: Ball 3-2: Strikes out swinging
|
|
Batting: RHB Bobby Mabrey
|
0-0: Ball 1-0: Ground out 6-3 (Groundball, 6, EV 84.4 MPH)
|
| Bottom of the 4th over - 0 runs, 1 hit, 0 errors, 1 left on base; Memphis 2 - Las Vegas 1 |
| TOP OF THE 5TH |
|
Memphis Redbirds batting - Pitching for Las Vegas 51s : LHP Zachary DeVault
|
|
Batting: LHB Ronnie Ashley
|
0-0: Ball 1-0: Ground out 6-3 (Groundball, 6, EV 81.2 MPH)
|
|
Batting: LHB David Moore
|
0-0: Swinging Strike 0-1: Ball 1-1: Foul Ball, location: 2F 1-2: Strikes out looking
|
|
Batting: SHB Dan Hill
|
0-0: Ball 1-0: Foul Ball, location: 2F 1-1: Ball 2-1: Ground out 6-3 (Groundball, 6, EV 83.8 MPH)
|
| Top of the 5th over - 0 runs, 0 hits, 0 errors, 0 left on base; Memphis 2 - Las Vegas 1 |
| BOTTOM OF THE 5TH |
|
Las Vegas 51s batting - Pitching for Memphis Redbirds : RHP Josh Sandoval
|
|
Batting: RHB Larry Shoop
|
0-0: Foul Ball, location: 2F 0-1: Foul Ball, location: 2F 0-2: Strikes out swinging
|
|
Batting: RHB David Stayton
|
0-0: Ball 1-0: Called Strike 1-1: Ball 2-1: SINGLE (Line Drive, 9S, EV 89.4 MPH)
|
|
Batting: LHB Elmo Dreier
|
0-0: Called Strike 0-1: Swinging Strike 0-2: Strikes out swinging
|
|
Batting: LHB Jose Chavez
|
Pickoff Throw to First - Out! 1-3
|
| Bottom of the 5th over - 0 runs, 1 hit, 0 errors, 0 left on base; Memphis 2 - Las Vegas 1 |
| TOP OF THE 6TH |
|
Memphis Redbirds batting - Pitching for Las Vegas 51s : LHP Zachary DeVault
|
|
Batting: RHB John Parra
|
0-0: DOUBLE (Line Drive, 78D, EV 108.1 MPH)
|
|
Batting: RHB Jason Gee
|
0-0: Swinging Strike 0-1: Called Strike 0-2: Ball 1-2: Ball 2-2: Foul Ball, location: 2F 2-2: Ball 3-2: Foul Ball, location: 2F 3-2: Foul Ball, location: 2F 3-2: Foul Ball, location: 2F 3-2: Strikes out looking
|
|
Batting: SHB Luke Robbins
|
0-0: Called Strike 0-1: Ball 1-1: Ball 2-1: SINGLE (Groundball, 6MD, EV 105.0 MPH) John Parra to third Runner from 3rd tries for Home, SAFE, throw by CF to home
|
|
Batting: RHB Danny Gallo
|
0-0: Ball 1-0: Ball 2-0: Called Strike 2-1: Ball Luke Robbins is caught stealing 2nd base 2-4 3-1: Base on Balls
|
|
Batting: LHB Frank Hill
|
0-0: Swinging Strike 0-1: Ball 1-1: SINGLE (Line Drive, 78S, EV 89.4 MPH) Danny Gallo to second
|
|
Batting: RHB Klaas Meij
|
0-0: Ground out 6-3 (Groundball, 56D, EV 101.9 MPH)
|
| Top of the 6th over - 1 run, 3 hits, 0 errors, 2 left on base; Memphis 3 - Las Vegas 1 |
| BOTTOM OF THE 6TH |
|
Las Vegas 51s batting - Pitching for Memphis Redbirds : RHP Josh Sandoval
|
|
Batting: LHB Jose Chavez
|
0-0: Ball 1-0: Ball 2-0: Ball 3-0: Called Strike 3-1: Foul Ball, location: 2F 3-2: Fly out, F8 (Flyball, 8RM, EV 98.1 MPH)
|
|
Batting: SHB Jason Evans
|
0-0: Called Strike 0-1: Foul Ball, location: 2F 0-2: Ball 1-2: SINGLE (Groundball, 6MS, EV 70.6 MPH) (infield hit)
|
|
Batting: RHB Billy Walker
|
0-0: DOUBLE (Line Drive, 7LD, EV 101.9 MPH) Jason Evans to third
|
|
Batting: RHB Masaya Nakamura
|
0-0: Ball 1-0: Foul Ball, location: 2F 1-1: Called Strike 1-2: Ball 2-2: Fly out, F8 (Flyball, 8LM, EV 77.5 MPH) Runner from 3rd tags up, OUT at HOME! 8-2
|
| Bottom of the 6th over - 0 runs, 2 hits, 0 errors, 1 left on base; Memphis 3 - Las Vegas 1 |
| TOP OF THE 7TH |
|
Memphis Redbirds batting - Pitching for Las Vegas 51s : LHP Zachary DeVault
|
|
Pitching: RHP Marc Maniu
|
|
|
Batting: LHB Ronnie Ashley
|
0-0: Swinging Strike 0-1: Swinging Strike 0-2: Foul Ball, location: 2F 0-2: Ball 1-2: SINGLE (Line Drive, 56, EV 98.8 MPH)
|
|
Batting: LHB David Moore
|
0-0: Bunted foul 0-1: Sac Bunt to 13S - play at first, batter OUT! 1-4 Ronnie Ashley to second
|
|
Batting: SHB Dan Hill
|
0-0: Called Strike 0-1: Called Strike 0-2: Strikes out swinging
|
|
Batting: RHB John Parra
|
0-0: Ball 1-0: Foul Ball, location: 2F 1-1: Ball 2-1: Swinging Strike 2-2: Ball 3-2: Strikes out swinging
|
| Top of the 7th over - 0 runs, 1 hit, 0 errors, 1 left on base; Memphis 3 - Las Vegas 1 |
| BOTTOM OF THE 7TH |
|
Las Vegas 51s batting - Pitching for Memphis Redbirds : RHP Josh Sandoval
|
|
Batting: RHB Mike Phillips
|
0-0: Ball 1-0: Called Strike 1-1: Swinging Strike 1-2: Foul Ball, location: 2F 1-2: Foul Ball, location: 2F 1-2: Strikes out swinging
|
|
Pitching: RHP Phil Feldscher
|
|
|
Batting: RHB Bobby Mabrey
|
0-0: Ball 1-0: SINGLE (Groundball, 3D, EV 110.6 MPH)
|
|
Batting: RHB Larry Shoop
|
0-0: Grounds into double play, 5-4-3 (Groundball, 56, EV 91.2 MPH)
|
| Bottom of the 7th over - 0 runs, 1 hit, 0 errors, 0 left on base; Memphis 3 - Las Vegas 1 |
| TOP OF THE 8TH |
|
Memphis Redbirds batting - Pitching for Las Vegas 51s : RHP Marc Maniu
|
|
Pitching: RHP Hugo Valentin
|
|
|
Batting: RHB Jason Gee
|
0-0: Ground out 6-3 (Groundball, 6, EV 86.2 MPH)
|
|
Batting: SHB Luke Robbins
|
0-0: Ball 1-0: Ball 2-0: Ball 3-0: Base on Balls
|
|
Batting: RHB Danny Gallo
|
0-0: Ball 1-0: Ball 2-0: Swinging Strike 2-1: Ball 3-1: Swinging Strike 3-2: Fly out, F2 (Popup, 23F, EV 89.4 MPH)
|
|
Batting: LHB Frank Hill
|
0-0: Ball 1-0: Called Strike 1-1: Foul Ball, location: 2F 1-2: Strikes out looking
|
| Top of the 8th over - 0 runs, 0 hits, 0 errors, 1 left on base; Memphis 3 - Las Vegas 1 |
| BOTTOM OF THE 8TH |
|
Las Vegas 51s batting - Pitching for Memphis Redbirds : RHP Phil Feldscher
|
|
Batting: RHB David Stayton
|
0-0: Ball 1-0: Foul Ball, location: 2F 1-1: Foul Ball, location: 2F 1-2: Foul Ball, location: 2F 1-2: Foul Ball, location: 2F 1-2: SINGLE (Groundball, 56D, EV 102.5 MPH)
|
|
Batting: LHB Elmo Dreier
|
0-0: Ball 1-0: Foul Ball, location: 2F 1-1: SINGLE (Line Drive, 78S, EV 98.8 MPH) David Stayton to second
|
|
Pitching: LHP Drew Roemer
|
|
|
Batting: LHB Jose Chavez
|
0-0: Foul Ball, location: 2F 0-1: Foul Ball, location: 2F 0-2: Strikes out swinging
|
|
Batting: SHB Jason Evans
|
0-0: Ball 1-0: Called Strike 1-1: Ball 2-1: Grounds into double play, 5-4-3 (Groundball, 56S, EV 88.8 MPH)
|
| Bottom of the 8th over - 0 runs, 2 hits, 0 errors, 1 left on base; Memphis 3 - Las Vegas 1 |
| TOP OF THE 9TH |
|
Memphis Redbirds batting - Pitching for Las Vegas 51s : RHP Hugo Valentin
|
|
Batting: RHB Klaas Meij
|
0-0: Called Strike 0-1: Ball 1-1: Ball 2-1: Ball 3-1: Foul Ball, location: 2F 3-2: Base on Balls
|
|
Batting: LHB Ronnie Ashley
|
0-0: Called Strike 0-1: Ball 1-1: Ball 2-1: Called Strike 2-2: Strikes out looking
|
|
Batting: LHB David Moore
|
0-0: Called Strike 0-1: Swinging Strike 0-2: Strikes out swinging
|
|
Batting: SHB Dan Hill
|
0-0: Swinging Strike 0-1: Ball 1-1: Foul Ball, location: 2F 1-2: Strikes out swinging
|
| Top of the 9th over - 0 runs, 0 hits, 0 errors, 1 left on base; Memphis 3 - Las Vegas 1 |
| BOTTOM OF THE 9TH |
|
Las Vegas 51s batting - Pitching for Memphis Redbirds : LHP Drew Roemer
|
|
Pitching: LHP Cody Coward
|
|
|
Batting: RHB Billy Walker
|
0-0: Ball 1-0: Foul Ball, location: 2F 1-1: Swinging Strike 1-2: Strikes out swinging
|
|
Batting: RHB Masaya Nakamura
|
0-0: Ball 1-0: Foul Ball, location: 2F 1-1: SINGLE (Groundball, 6MD, EV 108.8 MPH)
|
|
Batting: RHB Mike Phillips
|
0-0: Called Strike 0-1: Called Strike 0-2: Foul Ball, location: 2F 0-2: Foul Ball, location: 2F 0-2: Ball 1-2: Ball 2-2: Grounds into double play, 5-4-3 (Groundball, 56S, EV 80.6 MPH)
|
| Bottom of the 9th over - 0 runs, 1 hit, 0 errors, 0 left on base; Memphis 3 - Las Vegas 1 |
|